 Dungeon Crawl Stone Soup version 0.27-a0-1136-g0b992a5a9d (webtiles) character file.

Game seed: 15066478810776689427

21 pokeman the Magician (level 2, 0/16 HPs)
             Began as a Deep Elf Hedge Wizard on May 3, 2021.
             Slain by a kobold
             ... wielding a +0 short sword
              (1 damage)
             ... on level 1 of the Dungeon on May 4, 2021.
             The game lasted 00:01:58 (919 turns).

pokeman the Magician (Deep Elf Hedge Wizard)         Turns: 919, Time: 00:01:58

Health: 0/16       AC:  3    Str:  7    XL:     2   Next: 65%
Magic:  0/9        EV: 11    Int: 18    God:
Gold:   26         SH:  0    Dex: 14    Spells: 9/10 levels left

rFire    . . .     SeeInvis .   a - +0 dagger
rCold    + . .     Faith    .   (no shield)
rNeg     . . .     Spirit   .   h - +0 leather armour
rPois    .         Reflect  .   c - +0 hat
rElec    .         Harm     .   (no cloak)
rCorr    .         Rampage  .   (no gloves)
Will     .....                  (no boots)
Stlth    ++........             (no amulet)
HPRegen  0.05/turn              e - ring of protection from cold
MPRegen  0.11/turn              (no ring)

@: no status effects
A: no striking features
a: no special abilities


You were on level 1 of the Dungeon.
You visited 1 branch of the dungeon, and saw 1 of its levels.

You collected 26 gold pieces.

Inventory:

Hand Weapons
 a - a +0 dagger (weapon)
Missiles
 g - 19 bolts
Armour
 c - a +0 hat (worn)
 h - a +0 leather armour (worn)
Jewellery
 e - a ring of protection from cold (left hand)
Potions
 d - 4 potions of attraction {unknown}
 f - a potion of heal wounds {unknown}


   Skills:
 + Level 0.6 Fighting
 + Level 0.6 Armour
 - Level 2.4 Dodging
 - Level 2.4 Stealth
 * Level 4.9 Spellcasting
 + Level 1.6 Conjurations
 - Level 1.1 Summonings
 - Level 1.1 Translocations


You had 9 spell levels left.
You knew the following spells:

 Your Spells              Type           Power      Damage    Failure   Level
a - Magic Dart            Conj           40%        1d5       10%         1

Your spell library contained the following spells:

 Spells                   Type           Power      Damage    Failure   Level
 Blink                    Tloc           N/A        N/A       19%         2
 Call Imp                 Summ           8%         N/A       19%         2
 Slow                     Hex            4%         N/A       30%         2
 Conjure Flame            Conj/Fire      7%         6-21      38%         3
 Mephitic Cloud           Conj/Pois/Air  6%         N/A       43%         3


Dungeon Overview and Level Annotations

Branches:
Dungeon (1/15)

Altars:


Message History

The kobold hits you but does no damage.
You completely miss the kobold.
The kobold is moderately wounded.
The kobold misses you.
You hit the kobold but do no damage.
The kobold is moderately wounded.
The kobold misses you.
You barely miss the kobold.
The kobold is moderately wounded.
The kobold hits you but does no damage.
You closely miss the kobold.
The kobold is moderately wounded.
The kobold hits you with a +0 short sword.
Your magical contamination has completely faded away.
You closely miss the kobold.
The kobold is moderately wounded.
The kobold hits you with a +0 short sword.
You hit the kobold but do no damage.
The kobold is moderately wounded.
The kobold hits you but does no damage.
You hit the kobold but do no damage.
The kobold is moderately wounded.
The kobold closely misses you.
You hit the kobold.
The kobold is severely wounded.
The kobold hits you with a +0 short sword.
* * * LOW HITPOINT WARNING * * *
You hit the kobold but do no damage.
The kobold is severely wounded.
The kobold hits you with a +0 short sword.
* * * LOW HITPOINT WARNING * * *
Casting: Magic Dart (safe; 10% risk of failure)
Confirm with . or Enter, or press ? or * to list all spells.
Aiming: Magic Dart (safe; 10% risk of failure)
Press: ? - help, Shift-Dir - straight line, f/p - kobold
Aim: a kobold, wielding a +0 short sword (severely wounded, 100% to hit)
The magic dart hits the kobold but does no damage.
The kobold is severely wounded.
The kobold hits you with a +0 short sword.
You die...

.#......#.#.###...###.##
.#...............###...##########
.#.....###...........#..........#
.#..######..#######....########.#
.#.†........#?.. #.#.## #.#
.#.#######..##.. #.#.###### #.#
##.#######..#$!. #.#......####.#
............###K###.............#
###########.....@....#####.######
#.###.####.# #.# #.....# #.# #.#
###########.##### #.# #.#
............# #'# ###
.############ ♣.♣♣♣♣♣ ........
♣..PPP♣ .######. ♣.♣♣♣.♣♣ †######
♣.♣♣P..♣♣


You could see a kobold.

Vanquished Creatures
  2 endoplasms (D:1)
  4 hobgoblins (D:1)
  2 kobolds (D:1)
  2 quokkas (D:1)
  2 ball pythons (D:1)
  A bat (D:1)
  3 goblins (D:1)
  2 rats (D:1)
18 creatures vanquished.

Notes
Turn   | Place    | Note
-------+----------+-------------------------------------------
     0 | D:1      | pokeman the Deep Elf Hedge Wizard began the quest for the
                  | Orb.
     0 | D:1      | Reached XP level 1. HP: 10/10 MP: 7/7
    15 | D:1      | Upgraded the game from 0.27-a0-1123-g2f9bb313c0 to
                  | 0.27-a0-1136-g0b992a5a9d
   207 | D:1      | Found a faded altar of an unknown god.
   310 | D:1      | Reached XP level 2. HP: 15/15 MP: 5/9
   919 | D:1      | Slain by a kobold

Illustrated notes

Levels and vault maps discovered:
D:1:      psy_arrival_fountain, layout_loops_ring,
          hellmonk_ecumenical_altar_inner_sanctum, serial_glass,
          glass_columns_c, glass_columns_a, minmay_misc_feat_tiny,
          minmay_misc_feat_x, minmay_split_cup_large

Action                   || total
-------------------------++-------
Melee: Dagger            ||    11
 Cast: Magic Dart        ||    48
Armor: Leather armour    ||     4
       Robe              ||     2
Dodge: Dodged            ||    11

Table legend: (Time is in decaauts)
 A = Elapsed time spent in this place.
 B = Non-inter-level travel time spent in this place.
 C = Inter-level travel time spent in this place.
 D = Time resting spent in this place.
 E = Time spent auto-exploring this place.
 F = Levels seen in this place.
 G = Mean time per level.
                   A        B        C        D        E       F      G
               +--------+--------+--------+--------+--------+-----+--------+
         Total |    918 |    918 |      0 |      0 |    803 |   1 |  918.0 |
       Dungeon |    918 |    918 |      0 |      0 |    803 |   1 |  918.0 |
               +--------+--------+--------+--------+--------+-----+--------+

Top non-repeatable levels by time:
     D:1: 918 daAuts
